 Dungeon Crawl Stone Soup version 0.26-a0-497-g0187308201 (webtiles) character file.

Game seed: 16702926749613777659

17 MrRokkomies the Slasher (level 2, -3/21 HPs)
             Began as an Octopode Chaos Knight on Aug 6, 2020.
             Was a Plaything of Xom.
             Slain by an adder (4 damage)
             ... on level 2 of the Dungeon.
             The game lasted 00:00:51 (194 turns).

MrRokkomies the Slasher (Octopode Chaos Knight)      Turns: 194, Time: 00:00:52

Health: -3/21      AC:  1    Str: 11    XL:     2   Next: 62%
Magic:  2/2        EV: 14    Int: 14    God:    Xom [..*...]
Gold:   10         SH:  0    Dex: 11    Spells: 1/1 levels left

rFire    . . .     SeeInvis .   a - +0 falchion (chaos)
rCold    . . .     Faith    .   (no shield)
rNeg     . . .     Spirit   .   (helmet restricted)
rPois    .         Reflect  .   (no amulet)
rElec    .         Harm     .   (no ring)
rCorr    .                      (no ring)
MR       .....                  (no ring)
Stlth    ++........             (no ring)
HPRegen  0.07/turn              (no ring)
MPRegen  0.08/turn              (no ring)
                                (no ring)
                                (no ring)

@: brilliant, lethally poisoned (-3 -> -9)
A: almost no armour, stealthy swim, amphibious, 8 rings, constrict 8, camouflage
1, gelatinous body 1
a: Renounce Religion


You were on level 2 of the Dungeon.
You worshipped Xom.
You were a toy of Xom.
You visited 1 branch of the dungeon, and saw 2 of its levels.

You collected 10 gold pieces.

Inventory:

Hand Weapons
 a - a +0 falchion of chaos (weapon)
Missiles
 c - 4 atropa-tipped darts (quivered)
Scrolls
 b - a scroll of teleportation {unknown}
Potions
 d - a potion of curing {unknown}


   Skills:
 + Level 3.1 Fighting
 * Level 3.2 Long Blades
 * Level 2.8 Dodging
 + Level 1.1 Stealth


You had one spell level left.
You didn't know any spells.
Your spell library was empty.

Dungeon Overview and Level Annotations

Branches:
Dungeon (1/15)

Altars:


Innate Abilities, Weirdness & Mutations

You cannot wear most types of armour.
You are very stealthy in the water. (Stealth+)
You are amphibious.
You can wear up to eight rings at the same time.
You can use your tentacles to constrict eight enemies at once.
Your skin changes colour to match your surroundings (Stealth+).
Your rubbery body absorbs attacks. (AC +1, EV +1)


Message History

Xom smiles on you.
You feel clever all of a sudden.
Things that are here:
2 stones; a kobold corpse
Found a fuming orange potion.
d - a fuming orange potion
Things that are here:
a rat corpse; a jackal corpse You see here a stone.
You see here a stone.
An adder comes into view.
The adder moves out of view.
The adder misses you. The adder bites you.
* * * LOW HITPOINT WARNING * * *
You are lethally poisoned!
The adder poisons you!
You barely miss the adder. You grab the adder. You constrict the adder.
* * * LOW HITPOINT WARNING * * *
You feel sick. The adder bites you.
You die...

#...w††# ..
##.##(.# ##
....#..#
######(.#
######.†#
.........#
##.########.#
#......####.#
#S@....#
########


You could see an adder.

Vanquished Creatures
  An adder (D:2)
  3 jackals (D:2)
  2 goblins
  2 kobolds (D:2)
  A rat (D:2)
9 creatures vanquished.

Notes
Turn   | Place    | Note
-------+----------+-------------------------------------------
     0 | D:1      | MrRokkomies the Octopode Chaos Knight began the quest for
                  | the Orb.
     0 | D:1      | Reached XP level 1. HP: 16/16 MP: 1/1
    95 | D:1      | You fall into a shaft and drop 1 floor!
   109 | D:2      | XOM: silly message
   112 | D:2      | Reached skill level 1 in Stealth
   112 | D:2      | Reached XP level 2. HP: 2/21 MP: 2/2
   148 | D:2      | HP: 1/21 [goblin (2)]
   157 | D:2      | XOM: potion effect (brilliance)
   193 | D:2      | HP: 1/21 [adder (3)]
   194 | D:2      | Slain by an adder

Illustrated notes

Levels and vault maps discovered:
D:1:      minmay_arrival_four_loops, layout_basic, minmay_misc_feat_alley
D:2:      layout_basic

Skill      XL: |  1 |
---------------+----+-----
Stealth        | 1 |  1.1
Fighting       | |  3.1
Long Blades    | |  3.2
Dodging        | |  2.8

Action                   || total
-------------------------++-------
Melee: Falchion          ||    17
       Constrict         ||     5
       Tentacles         ||     1
Armor: Skin              ||     5
Dodge: Dodged            ||    24
       Rpst.: Falchion   ||     4

Table legend: (Time is in decaauts)
 A = Elapsed time spent in this place.
 B = Non-inter-level travel time spent in this place.
 C = Inter-level travel time spent in this place.
 D = Time resting spent in this place.
 E = Time spent auto-exploring this place.
 F = Levels seen in this place.
 G = Mean time per level.
                   A        B        C        D        E       F      G
               +--------+--------+--------+--------+--------+-----+--------+
         Total |    196 |    196 |      0 |     12 |     91 |   2 |   98.0 |
       Dungeon |    196 |    196 |      0 |     12 |     91 |   2 |   98.0 |
               +--------+--------+--------+--------+--------+-----+--------+

Top non-repeatable levels by time:
     D:2: 101 daAuts
     D:1: 95 daAuts
